 Dungeon Crawl Stone Soup version 0.23.2-11-gf996548c65 (webtiles) character file.

Game seed: 10766848331848206810

81 avid the Insei (level 4, 0/28 HPs)
             Began as an Octopode Transmuter on June 3, 2019.
             Slain by an ogre
             ... wielding a +0 giant club
              (13 damage)
             ... on level 2 of the Dungeon.
             The game lasted 00:03:29 (1734 turns).

avid the Insei (Octopode Transmuter)                Turns: 1734, Time: 00:03:29

Health: 0/28       AC:  2    Str: 11    XL:     4   Next: 42%
Magic:  5/7        EV: 20    Int: 15    God:
Gold:   99         SH:  0    Dex: 18    Spells: 1/7 levels left

rFire    . . .     SeeInvis .     - Unarmed
rCold    . . .     Gourm    .   (shield currently unavailable)
rNeg     . . .     Faith    .   (helmet currently unavailable)
rPois    x         Spirit   .   (no amulet)
rElec    .         Reflect  .   i - +2 ring of strength
rCorr    .         Harm     .   (no ring)
MR       .....                  (no ring)
Stlth    ++........             (no ring)
HPRegen  0.09/turn              (no ring)
MPRegen  0.10/turn              (no ring)
                                (no ring)
                                (no ring)

@: spider-form (expiring)
A: tiny, almost no armour, stealthy swim, (amphibious), 8 rings, (constrict 8)
a: End Transformation


You were on level 2 of the Dungeon.
You were not hungry.
You were a venomous arachnid creature.
You visited 1 branch of the dungeon, and saw 2 of its levels.

You collected 99 gold pieces.

Inventory:

Missiles
 a - 36 arrows
Jewellery
 i - a +2 ring of strength (left front leg)
Scrolls
 b - a scroll of noise {unknown}
 e - a scroll of identify {unknown}
 f - a scroll of fog {unknown}
 g - 2 scrolls of enchant weapon {unknown}
 h - a scroll of enchant armour {unknown}
Comestibles
 c - 3 rations
 d - 2 chunks of flesh


   Skills:
 + Level 1.0 Fighting
 - Level 2.0 Dodging
 + Level 1.8 Stealth
 + Level 4.0 Unarmed Combat
 + Level 2.3 Spellcasting
 + Level 2.6 Transmutations
 * Level 1.0 Poison Magic


You had one spell level left.
You knew the following spells:

 Your Spells              Type           Power        Failure   Level  Hunger
a - Beastly Appendage     Tmut           #.....       19%         1    #......
b - Sticks to Snakes      Tmut           #.......     26%         2    ###....
c - Spider Form           Tmut/Pois      #.........   52%         3    ###....

Your spell library contained the following spells:

 Spells                   Type           Power        Failure   Level  Hunger
 Ice Form                 Ice/Tmut       #.......     90%         4    #####..
 Blade Hands              Tmut           #.........   97%         5    ######.


Dungeon Overview and Level Annotations

Branches:
Dungeon (2/15)

Altars:


Innate Abilities, Weirdness & Mutations

You cannot wear most types of armour.
You are very stealthy in the water. (Stealth+)
((You are amphibious.))
You can wear up to eight rings at the same time.
((You can use your tentacles to constrict eight enemies at once.))
((Your skin changes colour to match your surroundings (Stealth+).))
((Your rubbery body absorbs attacks. (AC +1, EV +1)))


Message History

You turn into a venomous arachnid creature. 2 frilled lizards come into view.
The ogre shouts!
Your transformation is almost over.
The ogre hits you with a +0 giant club!
Ouch! That really hurt!
The frilled lizard barely misses you.
You are too injured to fight recklessly!
You are too injured to fight recklessly!
You hit the ogre.
The ogre is poisoned.
The ogre is lightly wounded.
A quokka comes into view.
The frilled lizard closely misses you. The ogre barely misses you.
The frilled lizard unfolds its giant frill.
You bite the frilled lizard!
You kill the frilled lizard!
You hit the ogre.
The ogre is moderately wounded.
The ogre hits you with a +0 giant club!
You die...

####.#÷†.........>....#'#
#÷#........######.....
#.#........#....)...).
#.#........#.####.....
#.#.......(#(# #..... #
#.#........#.# #.....
#...#..(.....#.#########
♣♣#.###........#)....#
♣♣.....#.Os.........#.#
♣...$..l###...........#
♣...≈≈≈...####....##.###
...≈≈≈≈≈..# #.#### .#
...≈≈♣≈≈...# #.# .#
...≈≈≈≈≈.......# .#
♣...≈≈≈...##.#.
♣♣.......###.# ♣♣.....##
#


You could see an ogre and a frilled lizard.

Vanquished Creatures
  3 adders (D:2)
  A gnoll (D:1)
  2 dart slugs
  A leopard gecko (D:1)
  A bat (D:1)
  6 giant cockroaches
  4 goblins (D:1)
  7 hobgoblins
  5 kobolds
  5 frilled lizards
  3 rats
38 creatures vanquished.

Vanquished Creatures (collateral kills)
  A goblin (D:2)
1 creature vanquished.

Grand Total: 39 creatures vanquished

Notes
Turn   | Place    | Note
-------+----------+-------------------------------------------
     0 | D:1      | avid the Octopode Transmuter began the quest for the Orb.
     0 | D:1      | Reached XP level 1. HP: 13/13 MP: 3/3
   322 | D:1      | Reached XP level 2. HP: 6/18 MP: 3/5
   513 | D:1      | Learned a level 2 spell: Sticks to Snakes
   866 | D:1      | Reached XP level 3. HP: 23/23 MP: 4/6
   877 | D:1      | Learned a level 3 spell: Spider Form
  1107 | D:1      | Reached skill level 1 in Stealth
  1601 | D:2      | Reached XP level 4. HP: 28/28 MP: 7/7
  1669 | D:2      | Reached skill level 1 in Poison Magic
  1711 | D:2      | Reached skill level 4 in Unarmed Combat
  1722 | D:2      | Noticed an ogre
  1734 | D:2      | Slain by an ogre

Skill      XL: |  1  2  3  4 |
---------------+-------------+-----
Stealth        | 1 |  1.8
Poison Magic   | 1 |  1.0
Unarmed Combat | 4 |  4.0
Fighting       | |  1.0
Dodging        | |  2.0
Spellcasting   | |  2.3
Transmutations | |  2.6

Action                   |  1- 3 |  4- 6 || total
-------------------------+-------+-------++-------
Melee: Unarmed           |    72 |    14 ||    86
       Constrict         |    25 |     4 ||    29
       Kick              |    12 |     1 ||    13
       Tentacles         |    11 |     3 ||    14
 Cast: Beastly Appendage |    12 |     2 ||    14
       Sticks to Snakes  |     1 |     1 ||     2
       Spider Form       |       |     1 ||     1
 Stab: Sleeping          |     6 |     3 ||     9
  Eat: Chunk             |     2 |     1 ||     3
Armor: Skin              |     2 |       ||     2
Dodge: Dodged            |    44 |    11 ||    55
